 Dungeon Crawl Stone Soup version 0.22.1-2-g9c5b331383 (webtiles) character file.

46 Knicklaso the Ruffian (level 3, -1/30 HPs)
             Began as a Minotaur Transmuter on Nov 22, 2018.
             Killed from afar by Terence (5 damage)
             ... with a wand of flame (22)
             ... on level 1 of the Dungeon.
             The game lasted 00:01:50 (1314 turns).

Knicklaso the Ruffian (Minotaur Transmuter)         Turns: 1314, Time: 00:01:51

Health: -1/30      AC:  2    Str: 14    XL:     3   Next: 44%
Magic:  4/4        EV: 12    Int: 11    God:
Gold:   52         SH:  0    Dex: 10    Spells: 4/5 levels left

rFire    . . .     SeeInvis .     - Unarmed
rCold    . . .     Gourm    .   (no shield)
rNeg     . . .     Faith    .   b - +0 robe
rPois    .         Spirit   .   (helmet restricted)
rElec    .         Reflect  .   (no cloak)
rCorr    .         Harm     .   (no gloves)
MR       .....                  (boots currently unavailable)
Stlth    +.........             (no amulet)
HPRegen  0.10/turn              (no ring)
MPRegen  0.09/turn              (no ring)

@: appendage (expiring), hasted, very quick
A: retaliatory headbutt, horns 2, talons 3
a: End Transformation


You were on level 1 of the Dungeon.
You were not hungry.
You had grown temporary talons.
You visited 1 branch of the dungeon, and saw 2 of its levels.

You collected 52 gold pieces.

Inventory:

Missiles
 a - 32 arrows
 i - 82 stones (quivered)
Armour
 b - a +0 robe (worn)
Scrolls
 c - a scroll of random uselessness {unknown}
 g - a scroll of identify {unknown}
 h - a scroll of enchant weapon {unknown}
 j - a scroll of immolation {unknown}
Potions
 e - a potion of brilliance {unknown}
 f - a potion of heal wounds {unknown}
 k - a potion of curing {unknown}
 l - a potion of agility {unknown}
Comestibles
 d - 6 rations


   Skills:
 * Level 2.7 Fighting
 - Level 2.1 Dodging
 * Level 4.0 Unarmed Combat
 + Level 1.7 Spellcasting
 - Level 1.5 Transmutations


You had 4 spell levels left.
You knew the following spells:

 Your Spells              Type           Power        Failure   Level  Hunger
a - Beastly Appendage     Tmut           #.....       16%         1    ##.....

Your spell library contained the following spells:

 Spells                   Type           Power        Failure   Level  Hunger
 Sticks to Snakes         Tmut           #.......     24%         2    ###....
 Spider Form              Tmut/Pois      #.........   54%         3    ####...
 Ice Form                 Ice/Tmut       #.......     91%         4    #####..
 Blade Hands              Tmut           #.........   99%         5    ######.


Dungeon Overview and Level Annotations

Branches:
Dungeon (2/15)

Altars:

Annotations:
D:1 Terence


Innate Abilities, Weirdness & Mutations

You reflexively headbutt those who attack you in melee.
You have a pair of horns on your head.
You have claws for feet.


Message History

You hit Terence but do no damage. Terence closely misses you.
Terence hits you with a short sword!
You barely miss Terence. Terence barely misses you.
You completely miss Terence. Your kick misses Terence.
Terence hits you with a short sword!
You hit Terence but do no damage. Your kick misses Terence.
Your transformation is almost over.
Terence hits you but does no damage. Terence barely misses you.
You hit Terence but do no damage. You claw Terence, but do no damage.
Terence misses you. You furiously retaliate!
You headbutt Terence, but do no damage. You hit Terence but do no damage.
Terence zaps a wand.
The puff of flame misses you.
You hit Terence but do no damage. You headbutt Terence, but do no damage.
Terence zaps a wand.
The puff of flame misses you. Terence hits you with a short sword.
* * * LOW HITPOINT WARNING * * *
You feel yourself speed up. Terence completely misses you.
Terence zaps a wand.
The puff of flame hits you!
You die...

#.###..#.###.# #........#
#.# #####..#####.#
#........# ##.#######
########.# #........#
######
#.#####..###########.....
#########.#
###.@#...........#...
.......##.#
#....@.#########...##
######.##.###.#...##
##.## # #.##..........#
#.# # ####.####.#.#...##
#.## # #...........#..##
#..# # #.##.####.###..#
##.# # #.##.# #......#
#.# ###.##.# ######'##
#.#


You could see Terence.

Vanquished Creatures
  A hound (D:2)
  A worm (D:2)
  A dart slug (D:1)
  A leopard gecko (D:1)
  A goblin (D:1)
  A hobgoblin (D:1)
  3 bats (D:1)
  2 frilled lizards (D:1)
  2 kobolds (D:1)
  3 rats (D:1)
16 creatures vanquished.

Notes
Turn   | Place    | Note
-------+----------+-------------------------------------------
     0 | D:1      | Knicklaso the Minotaur Transmuter began the quest for the
                  | Orb.
     0 | D:1      | Reached XP level 1. HP: 16/16 MP: 1/1
   615 | D:1      | Reached XP level 2. HP: 24/24 MP: 3/3
   890 | D:2      | Reached skill level 4 in Unarmed Combat
   890 | D:2      | Reached XP level 3. HP: 19/30 MP: 4/4
  1188 | D:2      | Noticed Terence
  1314 | D:1      | Killed from afar by Terence

Skill      XL: |  1  2 |
---------------+-------+-----
Fighting       | 2 |  2.7
Unarmed Combat | 4 |  4.0
Dodging        | |  2.1
Spellcasting   | |  1.7
Transmutations | |  1.5

Action                   || total
-------------------------++-------
Melee: Unarmed           ||    38
       Headbutt          ||     5
       Punch             ||     1
       Kick              ||     3
Throw: Stone             ||     2
 Cast: Beastly Appendage ||     2
  Use: Potion            ||     1
  Eat: Chunk             ||     1
Armor: Robe              ||     7
Dodge: Dodged            ||    35
